 Dungeon Crawl Stone Soup version 0.22.1-1-ga44c0e5 (webtiles) character file.

73599 Irenicus the Earth Mage (level 15, -4/146 HPs)
             Began as a Deep Dwarf Earth Elementalist on Oct 6, 2018.
             Was the Champion of Makhleb.
             Slain by an orc warrior
             ... wielding a +0 trident of piercing
             ... led by an orc warlord
              (16 damage)
             ... on level 2 of the Orcish Mines.
             The game lasted 02:19:57 (13064 turns).

Irenicus the Earth Mage (DDEE)                     Turns: 13064, Time: 02:19:57

Health: -4/146     AC: 32    Str: 13    XL:     15   Next: 4%
Magic:  25/30      EV: 17    Int: 25    God:    Makhleb [******]
Gold:   109        SH:  0    Dex: 13    Spells: 3/36 levels left

rFire    . . .     SeeInvis .   M - +6 dagger of the Puffin {pierce, rC+}
rCold    + + .     Gourm    .   (no shield)
rNeg     + + .     Faith    .   (armour currently unavailable)
rPois    ∞         Spirit   .   (no helmet)
rElec    +         Reflect  .   S - +2 cloak
rCorr    +         Harm     .   (gloves currently unavailable)
MR       +++..                  (boots currently unavailable)
Stlth    ++++......             N - amulet of the acrobat
HPRegen  0.00/turn              V - ring of protection from cold {rC+, !d}
MPRegen  0.22/turn              k - ring of resist corrosion

@: statue-form, non-regenerating, very slow
A: damage resistance, heal wounds, clever 1, frail 1, magic resistance 1,
negative energy resistance 1, sense surroundings 2, strong 1, no regeneration
a: Heal Wounds, End Transformation, Minor Destruction, Lesser Servant of
Makhleb, Major Destruction, Greater Servant of Makhleb, Renounce Religion


You were on level 2 of the Orcish Mines.
You worshipped Makhleb.
Makhleb was exalted by your worship.
You were not hungry.
You were a stone statue.
You visited 4 branches of the dungeon, and saw 20 of its levels.
You also visited: Labyrinth, Sewer, Ossuary and Ice Cave.

You collected 1927 gold pieces.
You spent 1818 gold pieces at shops.

Inventory:

Hand Weapons
 M - the +6 dagger of the Puffin (weapon) {pierce, rC+}
   (You found it on level 10 of the Dungeon)

   It inflicts extra damage upon your enemies.
   It protects you from cold.
 R - the +2 war axe of Qiogayblif {venom, Int+4}
   (You found it in an ice cave)

   It poisons the flesh of those it strikes.
   It affects your intelligence (+4).
 U - the +2 halberd "Leit" {flame, rF+ rN+}
   (You found it on level 3 of the Lair of Beasts)

   It has been specially enchanted to burn those struck by it, causing extra
   injury to most foes and up to half again as much damage against particularly
   susceptible opponents.
   Big, fiery blades are also staple armaments of hydra-hunters.
   It protects you from fire.
   It protects you from negative energy.
Missiles
 b - 41 stones (quivered)
 J - 3 throwing nets {=f, !d}
Armour
 B - a scarf of repulsion
   (You found it on level 2 of the Lair of Beasts)
 C - a +0 pair of boots (melded)
   (You found it on level 7 of the Dungeon)
 E - the +2 ring mail "Ihubboteto" (melded) {MR+ Int+5}
   (You found it on level 7 of the Dungeon)

   It affects your intelligence (+5).
   It affects your resistance to hostile enchantments.
 I - a +2 leather armour of fire resistance
   (You found it in a labyrinth)
 K - a +0 pair of gloves (melded)
   (You found it on level 8 of the Dungeon)
 S - a +2 cloak (worn)
   (You found it on level 1 of the Lair of Beasts)
Magical Staves
 o - an uncursed staff of power {MP+17, !a}
   (You found it on level 5 of the Dungeon)
Jewellery
 k - a ring of resist corrosion (right hand)
   (You found it on level 1 of the Lair of Beasts)
 n - an uncursed ring of wizardry {Wiz+, !d}
   (You found it on level 6 of the Lair of Beasts)
 t - an uncursed ring of fire {rF+, rC-}
   (You found it on level 3 of the Dungeon)
 w - the ring "Fuheveelawk" {rPois rN++ AC-3 Dex-4 Slay+4}
   (You found it on level 3 of the Lair of Beasts)

   [ring of protection]

   It affects your AC (-3).
   It affects your dexterity (-4).
   It affects your accuracy and damage with ranged weapons and melee attacks
   (+4).
   It protects you from poison.
   It greatly protects you from negative energy.
 y - an uncursed ring of protection from magic {MR+, !d}
   (You found it on level 4 of the Dungeon)
 N - an amulet of the acrobat (around neck)
   (You found it in a labyrinth)
 V - a ring of protection from cold (left hand) {rC+, !d}
   (You found it in an ice cave)
Wands
 e - a wand of digging (14)
   (You found it on level 1 of the Lair of Beasts)
 q - a wand of acid (2)
   (You took it off Psyche on level 11 of the Dungeon)
 A - a wand of iceblast (5)
   (You found it on level 6 of the Lair of Beasts)
 H - a wand of paralysis (14)
   (You found it on level 9 of the Dungeon)
 L - a wand of flame (22)
   (You took it off an orc on level 9 of the Dungeon)
 O - a wand of disintegration (10)
   (You found it in a labyrinth)
 P - a wand of random effects (42)
   (You found it on level 11 of the Dungeon)
Scrolls
 a - a scroll of enchant weapon
 f - 12 scrolls of remove curse
 h - 8 scrolls of teleportation
 i - 2 scrolls of amnesia
 j - a scroll of fog
 l - 7 scrolls of magic mapping {!r}
 p - 5 scrolls of blinking {!r}
 v - 5 scrolls of enchant armour
 D - a scroll of immolation {!r}
 T - a scroll of summoning
 Y - a scroll of holy word {unknown}
Potions
 c - 8 potions of curing
 g - 4 potions of heal wounds
 m - a potion of magic
 s - 7 potions of lignification {!q}
 u - 7 potions of brilliance
 x - 3 potions of cancellation
 z - 3 potions of haste
 F - 4 potions of flight
 Q - a potion of mutation {!q}
 W - 2 potions of might
 X - a potion of ambrosia
Miscellaneous
 G - a phial of floods (inert)
   (You found it on level 9 of the Dungeon)
Comestibles
 d - 32 rations


   Skills:
 - Level 6.1 Fighting
 - Level 5.0 Short Blades
 - Level 4.3 Armour
 - Level 8.4 Dodging
 - Level 10.1 Stealth
 - Level 11.0 Spellcasting
 - Level 3.1 Conjurations
 + Level 5.6 Necromancy
 - Level 4.0 Translocations
 - Level 9.0 Transmutations
 - Level 16.7 Earth Magic
 - Level 7.2 Invocations
 - Level 7.1 Evocations


You had 3 spell levels left.
You knew the following spells:

 Your Spells              Type           Power        Failure   Level  Hunger
a - Sandblast             Erth           ######       0%          1    None
b - Passwall              Tmut/Erth      ######..     1%          2    None
c - Stone Arrow           Conj/Erth      ######       1%          3    None
d - Petrify               Tmut/Erth      ######..     1%          4    None
e - Shatter               Erth           #######...   99%         9    #######
f - Statue Form           Tmut/Erth      ######...    3%          6    #####..
g - Apportation           Tloc           ####..       1%          1    None
m - Sublimation of Blood  Necr           #####.....   1%          2    None
z - Lee's Rapid Deconstr  Erth           #######...   1%          5    ####...

Your spell library contained the following spells:

 Spells                   Type           Power        Failure   Level  Hunger
 Animate Skeleton         Necr           N/A          1%          1    None
 Beastly Appendage        Tmut           ######       1%          1    None
 Magic Dart               Conj           ####         1%          1    None
 Corpse Rot               Necr           N/A          1%          2    None
 Searing Ray              Conj           ####..       1%          2    None
 Sticks to Snakes         Tmut           ######..     1%          2    None
 Spider Form              Tmut/Pois      #####.....   1%          3    None
 Confusing Touch          Hex            ##....       4%          1    None
 Freeze                   Ice            ##..         4%          1    None
 Summon Small Mammal      Summ           ##..         4%          1    None
 Dazzling Spray           Conj/Hex       ###...       7%          3    None
 Ozocubu's Armour         Chrm/Ice       ##......     13%         3    None
 Leda's Liquefaction      Hex/Erth       ######....   1%          4    None
 Blade Hands              Tmut           ######....   3%          5    ####...
 Ice Form                 Ice/Tmut       #####...     7%          4    None
 Bolt of Magma            Conj/Fire/Erth #####.....   9%          5    ####...
 Force Lance              Conj/Tloc      ####....     11%         4    None
 Iskenderun's Mystic Bla  Conj           ####....     12%         4    None
 Agony                    Necr           #####...     12%         5    ####...
 Dispel Undead            Necr           #####...     12%         5    ####...
 Iron Shot                Conj/Erth      ######....   12%         6    #####..
 Bolt of Draining         Conj/Necr      #####.....   21%         5    ####...
 Fulminant Prism          Conj/Hex       ###.......   24%         4    None
 Excruciating Wounds      Chrm/Necr      ####......   36%         5    ####...
 Summon Ice Beast         Ice/Summ       ##......     41%         4    None
 Summon Lightning Spire   Summ/Air       ##......     41%         4    None
 Silence                  Hex/Air        ##........   77%         5    ####...
 Simulacrum               Ice/Necr       ####......   91%         6    #####..
 Bolt of Cold             Conj/Ice       ###.......   98%         6    #####..
 Conjure Ball Lightning   Conj/Air       ###.......   98%         6    #####..
 Deflect Missiles         Chrm/Air       ##........   100%        6    #####..
 Ozocubu's Refrigeration  Ice            ##........   100%        6    #####..
 Tornado                  Air            ##........   100%        9    #######


Dungeon Overview and Level Annotations

Branches:
Dungeon (11/15)            Temple (1/1) D:4            Lair (6/6) D:11
 Shoals (0/4) Lair:2        Snake (0/4) Lair:4        Slime (0/5) Lair:5
    Orc (2/2) D:11            Elf (0/3) Orc:2

Altars:
Cheibriados
Dithmenos
Elyvilon
Fedhas
Gozag
Kikubaaqudgha
Makhleb
Nemelex Xobeh
Qazlal
Sif Muna
Trog
Uskayaw
Vehumet
Wu Jian
The Shining One
Jiyva

Shops:
D:4 !   D:6 [:?   D:8 ?   Orc:2 [:(

Annotations:
D:10 3 runed doors, exclusion: obsidian statue, dvd's ghost, novice OpFE
Lair:2 3 runed doors, BryzzWind's ghost, journeyman FoMo; ThisFiasco's ghost, journeyman KoBe


Innate Abilities, Weirdness & Mutations

You are resistant to damage.
You can heal yourself by infusing magical energy.
You resist negative energy. (rN+)
You passively map the area around you.
You do not regenerate.
Your mind is acute. (Int +2)
You are frail. (-10% HP)
You are resistant to hostile enchantments. (MR+)
Your muscles are strong. (Str +2)


Message History

You kill the orc warrior!
Makhleb accepts your kill.
b - 41 stones The orc warrior hits you with a scimitar of holy wrath!!
* * * LOW HITPOINT WARNING * * *
You take 13 damage, and have 17/113 hp.
The orc warrior stops moving altogether!
Things that are here:
a short sword; a chain mail; an orc corpse Wield which item (- for none, * to show all)? (? for menu, Esc to quit)
You feel your magic capacity decrease.
M - the +6 dagger of the Puffin (weapon)
{pierce, rC+} The helpless orc warlord fails to defend itself.
You spit the orc warlord like a pig!!!
The helpless orc warlord fails to defend itself.
You stick the orc warlord like a pincushion!!!
The helpless orc warlord fails to defend itself.
You skewer the orc warlord like a kebab!!!
The helpless orc warlord fails to defend itself.
You skewer the orc warlord like a kebab!!!
You kill the orc warlord!
Makhleb accepts your kill.
You feel better.
You regained 20 hp, and now have 37/113 hp.
The helpless orc warrior fails to defend itself.
You skewer the orc warrior like a kebab!!!
The helpless orc warrior fails to defend itself.
You stick the orc warrior like a pincushion!!!
You kill the orc warrior!
Makhleb accepts your kill.
Things that are here:
a scimitar of holy wrath; a plate armour
Things that are here:
a short sword; a chain mail; an orc corpse
Items here: ) [[ † a war axe of flaming; a plate armour; a glowing shield; an orc corpse
Okay, then.
You butcher the orc corpse.
Items here: % ) [[ a war axe of flaming; a plate armour; a glowing shield; 3 chunks of flesh {@w0} Eating one of 3 chunks of flesh {@w0}.
You eat one of the 3 chunks of flesh {@w0}.
There is a stone staircase leading down, spattered with blood here.
You see here a warg skeleton.
This spell is impossible to cast!
Memorise Shatter, consuming 9 spell levels and leaving 9?
You start memorising the spell.
You continue memorising. x9
You finish memorising.
Spell assigned to 'e'.
You regained 2 mp, and now have 29/30 mp.
Memorise Spider Form, consuming 3 spell levels and leaving 6?
Okay, then.
Memorise Statue Form, consuming 6 spell levels and leaving 3?
You start memorising the spell.
You continue memorising. x4
Your magical contamination has completely faded away.
You continue memorising. x2
You finish memorising.
Spell assigned to 'f'.
MP restored: 30
Okay, then.
You turn into a living statue of rough stone.
Your +0 pair of gloves melds into your body.
Your +0 pair of boots melds into your body.
The +2 ring mail "Ihubboteto" {MR+ Int+5} melds into your body.
You now have 48/146 hp.
You climb downwards.
A warg and an orc knight come into view.
The orc knight is wielding a vampiric war axe.
The orc knight shouts!
You hear a shout!
The orc priest miscasts a cantrip.
The orc warrior hits you but does no damage.
An orc comes into view. It is wielding a whip.
The orc warrior completely misses you.
The orc knight roars a battlecry!
The orcs go into a battle-frenzy!
The orc hits you but does no damage. The orc barely misses you.
The orc warrior misses you.
An orc warrior comes into view. It is wielding a flail.
The orc warrior hits you but does no damage.
The orc wizard casts a spell.
The orc wizard seems to speed up.
The orc warrior misses you.
The orc knight roars a battlecry!
The orc wizard goes into a battle-frenzy!
The orc misses you.
The orc wizard casts a spell.
The orc wizard seems to speed up.
The orc misses you.
The orc warrior hits you with a short sword!!
* * * LOW HITPOINT WARNING * * *
The orc warrior shouts!
The orc shouts!
There is a stone staircase leading up, spattered with blood here.
You take 17 damage, and have 31/146 hp.
You hear a shout!
The orc warrior completely misses you. The orc warrior barely misses you.
The orc misses you. The orc closely misses you.
The orc wizard barely misses you.
The orc warrior hits you with a short sword!
* * * LOW HITPOINT WARNING * * *
The orc priest calls down the wrath of Beogh upon you.
Beogh smites you!
* * * LOW HITPOINT WARNING * * *
The orc warrior hits you with a trident of piercing!!
You die...

##.#....o,, , ,
#.........,,,, ,
##.........,
#.......... , , #
*#...≈≈...#*
##.##..o[....#**
,
#.....<.[o.#$##,
, ,
###...).oo....#*
* ###.o8oo...# ,
*#...ooo...# ,
*#.#..Ooh...# **
*.............. *
...........oo..
,, , * ,
.........#......
, , * ,
..P.....####..o.,
, ....#.# .... ,
, , ,, , * , ,


You could see an orc knight, a warg, 5 orc warriors, an ogre, an orc priest, 2
orc wizards and 5 orcs.

Vanquished Creatures
  A frost giant (IceCv)
  An orc warlord (Orc:1)
  4 entropy weavers (Lair:3)
  A minotaur (Lab)
  Josephine (D:11)
  12 hydras
  4 ghost crabs (Lair:3)
  A catoblepas (Lair:6)
  Erica (D:9)
  A two-headed ogre (D:10)
  A deep troll shaman (Lair:6)
  5 death yaks
  2 orc high priests (Orc:2)
  5 fire crabs (Lair:3)
  2 orc knights
  2 ugly things
  An orc sorcerer (Orc:2)
  4 black mambas
  An apocalypse crab (Lair:3)
  A torpor snail (Lair:3)
  An ice statue (IceCv)
  Psyche (D:11)
  7 elephants (Lair:6)
  Joseph (D:8)
  7 spiny frogs
  3 komodo dragons
  7 rime drakes
  2 trolls
  A snapping turtle (Lair:2)
  12 polar bears
  11 blink frogs
  6 hippogriffs
  34 yaks
  A shadow (D:11)
  5 wyverns
  3 hogs (D:7)
  5 basilisks
  7 wraiths
  A human (D:7)
  Grum (D:11)
  A steam dragon (D:8)
  Menkaure (D:6)
  4 wargs
  18 water moccasins
  6 porcupines
  Purgy (Sewer)
  An ice beast (D:7)
  2 eyes of draining (D:10)
  26 orc warriors
  5 sky beasts
  3 black bears
  11 ogres
  A phantom (D:6)
  2 necrophages
  33 wolves
  5 centaurs
  21 crocodiles
  3 big kobolds
  13 bullfrogs
  A wyvern skeleton (D:9)
  5 killer bees (D:7)
  3 scorpions
  5 howler monkeys
  3 vampire bats (D:9)
  13 wights
  3 electric eels
  A crimson imp (D:5)
  2 centaur zombies
  A bullfrog zombie (D:11)
  A quasit (D:10)
  4 jellies
  6 hounds
  18 orc priests
  2 centaur skeletons
  9 iguanas
  15 orc wizards
  8 worker ants
  4 hound zombies (Ossuary)
  4 mummies (Ossuary)
  A hound skeleton (D:7)
  A howler monkey zombie (D:11)
  14 adders
  5 gnolls
  A shadow imp (D:10)
  2 adder skeletons
  3 adder zombies
  5 worms
  13 dart slugs
  10 leopard geckos
  106 orcs
  3 bat skeletons (D:9)
  2 bat zombies (D:9)
  8 giant cockroaches
  2 gnoll zombies
  10 goblins
  7 hobgoblins
  15 jackals
  4 quokkas
  3 ball pythons
  9 bats
  9 frilled lizards
  A goblin zombie (D:5)
  A hobgoblin zombie (Ossuary)
  A jackal zombie (Ossuary)
  19 kobolds
  2 kobold zombies
  2 orc zombies (Ossuary)
  A quokka zombie (D:6)
  10 rats
702 creatures vanquished.

Vanquished Creatures (collateral kills)
  Harold (D:9)
  A death yak (Lair:3)
  An elephant (Lair:6)
  2 spiny frogs (Lair:6)
  A polar bear (IceCv)
  A bullfrog zombie (D:9)
  2 kobolds (D:9)
9 creatures vanquished.

Vanquished Creatures (others)
  A death yak (IceCv)
  A polar bear (IceCv)
  5 wolves (IceCv)
  11 bushes (Lair:6)
  11 fungi
  A withered plant (Lair:2)
30 creatures vanquished.

Grand Total: 741 creatures vanquished

Notes
Turn   | Place    | Note
-------+----------+-------------------------------------------
     0 | D:1      | Irenicus the Deep Dwarf Earth Elementalist began the quest
                  | for the Orb.
     0 | D:1      | Reached XP level 1. HP: 15/15 MP: 3/3
   159 | D:1      | Reached skill level 2 in Spellcasting
   164 | D:1      | Reached XP level 2. HP: 19/22 MP: 1/5
   278 | D:1      | Reached skill level 5 in Earth Magic
   361 | D:1      | Reached XP level 3. HP: 21/28 MP: 2/6
   672 | D:2      | Reached skill level 6 in Earth Magic
   722 | D:2      | Learned a level 2 spell: Passwall
   777 | D:2      | Reached XP level 4. HP: 13/36 MP: 4/7
   922 | D:2      | Found a glowing golden altar of the Shining One.
   972 | D:2      | Irenicus: ?? stab
   972 | D:2      | beem: stabbing[1/5]: A stab with a short blade does
                  | increased damage: (dam+bonus)*mult, where bonus depends on
                  | your dex as well as your stealth and weapon skills and is
                  | capped at 30, and mult depends on your stealth/weapon
                  | skills and the type of stab (sleep/paralysis is best).
                  | Non-short blades don't get a bonus and have lower mult.
                  | Daggers get bonus doubled (but still capped at 30).
  1222 | D:3      | HP: 9/36 [orc priest/nerve-wracking pain (4)]
  1228 | D:3      | Reached skill level 7 in Earth Magic
  1231 | D:3      | Reached skill level 1 in Short Blades
  1259 | D:3      | Found a glowing drain.
  1273 | D:3      | Reached XP level 5. HP: 41/42 MP: 1/8
  1290 | Sewer    | Entered a sewer
  1304 | Sewer    | Learned a level 3 spell: Stone Arrow
  1387 | Sewer    | Noticed Purgy
  1398 | Sewer    | Killed Purgy
  1398 | Sewer    | Reached skill level 8 in Earth Magic
  1398 | Sewer    | Reached XP level 6. HP: 44/49 MP: 1/9
  1430 | Sewer    | Reached skill level 9 in Earth Magic
  1485 | D:3      | Found a white marble altar of Elyvilon.
  1893 | D:4      | Reached skill level 1 in Fighting
  2001 | D:4      | Reached skill level 2 in Short Blades
  2001 | D:4      | Reached skill level 3 in Stealth
  2135 | D:4      | Reached XP level 7. HP: 46/57 MP: 4/10
  2138 | D:4      | Reached skill level 4 in Stealth
  2309 | D:4      | Found a staircase to the Ecumenical Temple.
  2334 | D:4      | Found Keonum's Distillery.
  2357 | Temple   | Entered the Ecumenical Temple
  2378 | Temple   | Became a worshipper of Makhleb the Destroyer
  2401 | D:4      | Bought a potion of heal wounds for 55 gold pieces
  2401 | D:4      | Bought a potion of haste for 110 gold pieces
  2401 | D:4      | Bought a potion of curing for 33 gold pieces
  2503 | D:5      | Entered Level 5 of the Dungeon
  2531 | D:5      | Found a sand-covered staircase.
  2582 | Ossuary  | Entered an ossuary
  2607 | Ossuary  | Reached skill level 3 in Spellcasting
  2607 | Ossuary  | Reached skill level 1 in Conjurations
  2621 | Ossuary  | Reached * piety under Makhleb
  2797 | D:5      | HP: 5/57 [centaur/arrow (11)]
  2804 | D:5      | HP: 13/57 [centaur (6)]
  2806 | D:5      | HP: 5/57 [centaur (8)]
  2810 | D:5      | Reached skill level 3 in Short Blades
  2911 | D:5      | Gained mutation: You are frail. (-10% HP) [potion of
                  | mutation]
  2911 | D:5      | Gained mutation: You are resistant to hostile enchantments.
                  | (MR+) [potion of mutation]
  2911 | D:5      | Gained mutation: Your mind is acute. (Int +2) [potion of
                  | mutation]
  2911 | D:5      | Gained mutation: Your muscles are strong. (Str +2) [potion
                  | of mutation]
  2912 | D:5      | Reached skill level 16 in Earth Magic
  2912 | D:5      | Reached XP level 8. HP: 14/57 MP: 3/12
  2944 | D:5      | HP: 11/57 [gnoll (4)]
  3094 | D:6      | Noticed Menkaure
  3101 | D:6      | Gained mutation: You passively map the area around you.
                  | [Deep Dwarf growth]
  3101 | D:6      | Reached XP level 9. HP: 14/63 MP: 3/14
  3157 | D:6      | Reached ** piety under Makhleb
  3197 | D:6      | Found Fecliuc's Magic Scroll Boutique.
  3200 | D:6      | Reached skill level 4 in Spellcasting
  3201 | D:6      | Found Fatedaac's Book Shoppe.
  3294 | D:6      | Found Daos's Antique Armour Emporium.
  3393 | D:6      | Killed Menkaure
  3663 | D:7      | Reached skill level 5 in Spellcasting
  3814 | D:7      | Reached skill level 6 in Spellcasting
  3949 | D:7      | Reached *** piety under Makhleb
  3969 | D:7      | Reached XP level 10. HP: 21/70 MP: 1/20
  3991 | D:7      | HP: 17/70 [ice beast (4)]
  4112 | D:7      | Got a sapphire-encrusted ring mail
  4146 | D:7      | Reached skill level 7 in Spellcasting
  4152 | D:7      | HP: 16/70 [wight/mace (5)]
  4294 | D:7      | Learned a level 5 spell: Lee's Rapid Deconstruction
  4299 | D:7      | Learned a level 4 spell: Petrify
  4584 | D:9      | Reached skill level 8 in Spellcasting
  4593 | D:9      | Reached **** piety under Makhleb
  4735 | D:9      | Noticed Erica
  4761 | D:9      | Found an ancient bone altar of Kikubaaqudgha.
  4829 | D:9      | HP: 17/70 [centaur zombie (3)]
  4830 | D:9      | HP: 6/70 [wyvern skeleton (4)]
  4941 | D:9      | Noticed Harold
  4989 | D:9      | Killed Harold
  5013 | D:9      | Irenicus: ?? phial
  5013 | D:9      | beem: phial of floods[1/1]: The water {elemental evoker}:
                  | hits monsters with a beam of water (damage and knockback),
                  | making a temporary shallow water pool. Also summons up to 3
                  | {water elemental}s.
  5141 | D:8      | Found a stormy altar of Qazlal.
  5190 | D:8      | Found Xiowk's Magic Scroll Emporium.
  5210 | D:8      | Reached skill level 9 in Spellcasting
  5212 | D:8      | Noticed Joseph
  5229 | D:8      | Killed Joseph
  5390 | D:9      | HP: 10/70 [Erica/orb of energy (19)]
  5409 | D:9      | Killed Erica
  5409 | D:9      | Reached skill level 3 in Dodging
  5409 | D:9      | Reached XP level 11. HP: 38/75 MP: 24/24
  5421 | D:9      | Identified the +2 ring mail "Ihubboteto" {MR+ Int+5} (You
                  | found it on level 7 of the Dungeon)
  5466 | D:10     | Entered Level 10 of the Dungeon
  5466 | D:10     | Found a runed gate.
  5466 | D:10     | Found a runed gate.
  5466 | D:10     | Found a runed gate.
  5466 | D:10     | Noticed a yaktaur captain
  5475 | D:10     | Noticed dvd's ghost (novice OpFE)
  5480 | D:10     | Found an opulent altar of Gozag.
  5480 | D:10     | Noticed an obsidian statue
  5494 | D:10     | Reached skill level 4 in Dodging
  5577 | D:10     | Noticed a two-headed ogre
  5584 | D:10     | Killed a two-headed ogre
  5584 | D:10     | Reached skill level 2 in Armour
  5596 | D:10     | Noticed a cyan ugly thing
  5607 | D:10     | Killed a cyan ugly thing
  5607 | D:10     | Reached skill level 3 in Armour
  5661 | D:10     | Reached ***** piety under Makhleb
  5710 | D:10     | Got a pitted dagger
  5711 | D:10     | Identified the +6 dagger of the Puffin {pierce, rC+} (You
                  | found it on level 10 of the Dungeon)
  5768 | D:10     | Reached skill level 5 in Dodging
  5803 | D:10     | Reached skill level 4 in Armour
  5832 | D:10     | Reached skill level 1 in Evocations
  5874 | D:10     | Reached skill level 2 in Evocations
  5876 | D:10     | Irenicus: ?? pierce
  5876 | D:10     | beem: vorpal[1/3]: A weapon brand which increases weapon
                  | damage by 16.7% on average.
  5940 | D:10     | Reached skill level 3 in Evocations
  5982 | D:11     | Found a labyrinth entrance.
  5990 | D:11     | Noticed a brown ugly thing
  6000 | D:11     | Killed a brown ugly thing
  6000 | D:11     | Reached skill level 4 in Evocations
  6003 | Lab      | Entered a labyrinth
  6363 | Lab      | Noticed a minotaur
  6376 | Lab      | Killed a minotaur
  6376 | Lab      | Reached skill level 6 in Evocations
  6384 | Lab      | Found the +10 large shield of Ignorance {rN+ Int-4}
  6456 | D:11     | Found a staircase to the Orcish Mines.
  6469 | D:11     | Reached skill level 7 in Evocations
  6527 | D:11     | Reached skill level 1 in Transmutations
  6542 | D:11     | Noticed Grum
  6611 | D:11     | Noticed Josephine
  6621 | D:11     | Killed Josephine
  6621 | D:11     | Reached skill level 2 in Transmutations
  6622 | D:11     | Reached skill level 3 in Transmutations
  6650 | D:11     | HP: 17/75 [wraith[Josephine] (4)]
  6652 | D:11     | Reached skill level 4 in Transmutations
  6659 | D:11     | HP: 10/75 [wraith[Josephine] (10)]
  6765 | D:11     | Killed Grum
  6837 | D:11     | Reached XP level 12. HP: 34/82 MP: 13/25
  6844 | D:11     | Noticed Psyche
  6849 | D:11     | Killed Psyche
  6849 | D:11     | Reached skill level 5 in Transmutations
  6864 | D:11     | Found a staircase to the Lair.
  7112 | Lair:1   | Entered Level 1 of the Lair of Beasts
  7155 | Lair:1   | Reached skill level 6 in Transmutations
  7258 | Lair:1   | Found a hide-covered altar of Uskayaw.
  7519 | Lair:2   | Noticed a seven-headed hydra
  7533 | Lair:2   | Killed a seven-headed hydra
  7533 | Lair:2   | Reached skill level 2 in Conjurations
  7548 | Lair:2   | Reached skill level 3 in Conjurations
  7627 | Lair:2   | Reached skill level 2 in Fighting
  7627 | Lair:2   | Reached skill level 5 in Stealth
  7664 | Lair:2   | Found a staircase to the Shoals.
  7668 | Lair:2   | Reached ****** piety under Makhleb
  7686 | Lair:2   | Reached skill level 3 in Fighting
  7730 | Lair:2   | Reached skill level 6 in Stealth
  7826 | Lair:2   | Learned a level 1 spell: Apportation
  7834 | Lair:2   | Reached skill level 7 in Stealth
  7850 | Lair:2   | Noticed a four-headed hydra
  7862 | Lair:2   | Killed a four-headed hydra
  7862 | Lair:2   | Reached skill level 2 in Translocations
  7912 | Lair:2   | Reached skill level 1 in Invocations
  7957 | Lair:2   | Reached skill level 2 in Invocations
  7967 | Lair:2   | Reached skill level 3 in Invocations
  8022 | Lair:2   | Found a runed gate.
  8022 | Lair:2   | Found a runed gate.
  8022 | Lair:2   | Found a runed gate.
  8026 | Lair:2   | Noticed ThisFiasco's ghost (journeyman KoBe)
  8028 | Lair:2   | Noticed BryzzWind's ghost (journeyman FoMo)
  8092 | Lair:3   | Noticed a death yak
  8092 | Lair:3   | Noticed a death yak
  8116 | Lair:3   | Found a runed door.
  8146 | Lair:3   | HP: 9/87 [fire crab] (24)]
  8152 | Lair:3   | Reached skill level 4 in Invocations
  8164 | Lair:3   | Reached skill level 5 in Invocations
  8176 | Lair:3   | Noticed an entropy weaver
  8188 | Lair:3   | Killed an entropy weaver
  8188 | Lair:3   | Reached skill level 6 in Invocations
  8294 | Lair:3   | Reached skill level 7 in Invocations
  8294 | Lair:3   | Reached XP level 13. HP: 90/92 MP: 3/26
  8356 | Lair:3   | Noticed an entropy weaver
  8369 | Lair:3   | Killed an entropy weaver
  8369 | Lair:3   | Reached skill level 4 in Fighting
  8377 | Lair:3   | Noticed an entropy weaver
  8389 | Lair:3   | Killed an entropy weaver
  8389 | Lair:3   | Reached skill level 5 in Fighting
  8427 | Lair:3   | Noticed an entropy weaver
  8436 | Lair:3   | Reached skill level 6 in Fighting
  8502 | Lair:3   | Reached skill level 6 in Dodging
  8637 | Lair:3   | Killed an entropy weaver
  8637 | Lair:3   | Reached skill level 7 in Dodging
  8662 | Lair:3   | Got a pitted iron ring
  8664 | Lair:3   | Got a jewelled halberd
  8665 | Lair:3   | Identified the cursed +2 halberd "Leit" {flame, rF+ rN+}
                  | (You found it on level 3 of the Lair of Beasts)
  8667 | Lair:3   | Identified the cursed ring "Fuheveelawk" {rPois rN++ AC-3
                  | Dex-4 Slay+4} (You found it on level 3 of the Lair of
                  | Beasts)
  8840 | Lair:3   | Reached skill level 8 in Dodging
  8994 | Lair:3   | Reached skill level 3 in Translocations
  9001 | Lair:3   | Reached skill level 7 in Transmutations
  9227 | Lair:4   | Reached skill level 4 in Translocations
  9357 | Lair:4   | Found a staircase to the Snake Pit.
  9665 | Lair:4   | Reached skill level 8 in Transmutations
  9785 | Lair:5   | Found a frozen archway.
  9790 | Lair:5   | HP: 15/99 [rime drake/flash freeze (13)]
  9836 | Lair:5   | Found a viscous altar of Jiyva.
  9836 | Lair:5   | Found a staircase to the Slime Pits.
  9932 | IceCv    | Entered an ice cave
 10006 | IceCv    | Irenicus: ?? deflection
 10006 | IceCv    | beem: deflection ~ deflecting[1/1]: A monster with this
                  | enchant has permanent {deflect missiles}.
 10006 | IceCv    | Irenicus: ?? repulsion
 10006 | IceCv    | beem: repulsion[1/1]: A scarf ego that grants the effect of
                  | {repel missiles}.
 10006 | IceCv    | Irenicus: ??repel missiles
 10006 | IceCv    | beem: repel missiles[1/2]: Active effect that reduces the
                  | chance for enemy ranged attacks to hit you. Granted by the
                  | L2 Charms/Air spell, with a chance to lose the status for
                  | each hit repelled. In 0.20, the spell is removed and the
                  | {repulsion} {scarf} ego grants the status when worn.
 10139 | IceCv    | Reached skill level 9 in Transmutations
 10191 | IceCv    | Gained mutation: You resist negative energy. (rN+) [Deep
                  | Dwarf growth]
 10191 | IceCv    | Reached XP level 14. HP: 108/108 MP: 8/27
 10283 | IceCv    | Reached skill level 8 in Stealth
 10378 | IceCv    | Reached skill level 9 in Stealth
 10451 | IceCv    | Noticed a frost giant
 10465 | IceCv    | Killed a frost giant
 10465 | IceCv    | Reached skill level 10 in Stealth
 10495 | IceCv    | Got a warped war axe
 10496 | IceCv    | Identified the cursed +2 war axe of Qiogayblif {venom,
                  | Int+4} (You found it in an ice cave)
 10501 | IceCv    | Identified the Reference Book on the Glacier
 10529 | IceCv    | Irenicus: ?? magic
 10529 | IceCv    | beem: magic[1/1]: fuck mp that's for nerds
 10845 | Lair:6   | Entered Level 6 of the Lair of Beasts
 11014 | Lair:6   | Reached skill level 10 in Spellcasting
 11228 | Lair:6   | Reached skill level 11 in Spellcasting
 11353 | Lair:6   | Reached skill level 4 in Short Blades
 11498 | Lair:6   | Reached skill level 5 in Short Blades
 11853 | D:6      | Bought a book of Death for 840 gold pieces
 11856 | D:6      | Learned a level 2 spell: Sublimation of Blood
 11979 | Orc:1    | Entered Level 1 of the Orcish Mines
 12019 | Orc:1    | Reached skill level 1 in Necromancy
 12190 | Orc:1    | Reached skill level 2 in Necromancy
 12294 | Orc:2    | Entered Level 2 of the Orcish Mines
 12335 | Orc:2    | Found Newien's Book Shop.
 12365 | Orc:2    | Reached skill level 3 in Necromancy
 12466 | Orc:2    | Found Casmibio's Antique Weapon Shop.
 12486 | Orc:2    | Reached skill level 4 in Necromancy
 12556 | Orc:2    | Found a staircase to the Elven Halls.
 12562 | Orc:2    | Found Pixzy's Antique Armour Emporium.
 12710 | Orc:2    | Noticed an orc warlord
 12749 | Orc:1    | Reached skill level 5 in Necromancy
 12749 | Orc:1    | Reached XP level 15. HP: 54/113 MP: 3/30
 12890 | D:6      | Bought a book of the Earth for 780 gold pieces
 13025 | Orc:1    | HP: 17/113 [orc warrior/scimitar of holy wrath (13)]
 13031 | Orc:1    | Killed an orc warlord
 13054 | Orc:1    | Learned a level 9 spell: Shatter
 13061 | Orc:1    | Learned a level 6 spell: Statue Form
 13063 | Orc:2    | HP: 31/146 [orc warrior/short sword[an orc warlord] (17)]
 13064 | Orc:2    | HP: 12/146 [orc priest/divine providence (8)]
 13064 | Orc:2    | Slain by an orc warrior

Skill      XL: |  1  2  3  4  5  6  7  8  9 10 11 12 13 14 |
---------------+-------------------------------------------+-----
Spellcasting   | 2 3 6 9 11 | 11.0
Earth Magic    | 5 6 7 8 9 16 | 16.7
Short Blades   | 1 2 3 5 |  5.0
Fighting       | 1 3 6 |  6.1
Stealth        | 3 4 7 10 | 10.1
Conjurations   | 1 3 |  3.1
Dodging        | 3 5 8 |  8.4
Armour         | 4 |  4.3
Evocations     | 7 |  7.1
Transmutations | 4 6 9 |  9.0
Translocations | 2 4 |  4.0
Invocations    | 7 |  7.2
Necromancy     | 5 |  5.6

Action                   |  1- 3 |  4- 6 |  7- 9 | 10-12 | 13-15 || total
-------------------------+-------+-------+-------+-------+-------++-------
Melee: Unarmed           |    24 |       |       |       |       ||    24
       Dagger            |    26 |     1 |       |   340 |   618 ||   985
       Short sword       |       |    90 |   145 |    85 |       ||   320
 Cast: Sandblast         |    40 |    49 |   124 |   132 |   189 ||   534
       Passwall          |       |    15 |    27 |    18 |    26 ||    86
       Stone Arrow       |       |     6 |    26 |    82 |     7 ||   121
       Lee's Rapid Decon |       |       |       |    18 |    15 ||    33
       Petrify           |       |       |       |    46 |   132 ||   178
       Apportation       |       |       |       |       |    24 ||    24
       Sublimation of Bl |       |       |       |       |     8 ||     8
       Statue Form       |       |       |       |       |     1 ||     1
Invok: Lesser Servant of |       |       |       |     1 |     1 ||     2
 Abil: Heal Wounds       |       |       |       |     1 |       ||     1
Evoke: Wand              |       |       |       |    19 |    32 ||    51
       Phial of floods   |       |       |       |     1 |     5 ||     6
  Use: Scroll            |       |     7 |     3 |     9 |    13 ||    32
       Potion            |       |     2 |     6 |     8 |     3 ||    19
 Stab: Sleeping          |     1 |     5 |     5 |     8 |    10 ||    29
       Distracted        |       |     1 |     2 |       |       ||     3
       Petrified         |       |       |       |    97 |   178 ||   275
       Petrifying        |       |       |       |     3 |    14 ||    17
       Paralysed         |       |       |       |     3 |     7 ||    10
       Invisible         |       |       |       |       |     4 ||     4
  Eat: Chunk             |       |     7 |     4 |    14 |    15 ||    40
       Ration            |       |       |     1 |     1 |     1 ||     3
Armor: Robe              |    16 |     2 |       |       |       ||    18
       Leather armour    |       |     2 |       |       |       ||     2
       Troll leather arm |       |    19 |    32 |    52 |       ||   103
       Ring mail         |       |       |       |   153 |   221 ||   374
       Skin              |       |       |       |       |     3 ||     3
Dodge: Dodged            |    47 |    57 |   100 |   448 |   605 ||  1257
       Deflected         |       |       |       |     1 |       ||     1

Vault maps used:
D:1:      evilmike_arrival_crescent
D:2:      lemuel_coloured_pillars_altar
D:3:      cheibrodos_old_hovel, elyvilon_altar_3, cheibrodos_sewer_entry_drain,
          first_ration
D:4:      minmay_temple_entry_trees, serial_shops, shop
D:5:      enter_ossuary_3
D:6:      serial_shops, nicolae_shop_stone, nicolae_shop_waterfront, shop,
          uniq_menkaure
D:7:      kennysheep_slugbush, grunt_livestock
D:8:      nicolae_overflow_crystal_walls, serial_shops, shop, uniq_joseph
D:9:      kennysheep_vampire_church, uniq_harold, uniq_erica
D:10:     serial_corexii_hall, corexii_hall_statues_x, corexii_hall_statues_x,
          corexii_hall_statues_i, ebering_ghost_gozag
D:11:     lair_entry_dummy, hiddenorc2_lemuel, lab_entry_generic,
          uniq_josephine, uniq_psyche, uniq_grum
Temple:   hc_temple_tempest_star
Lair:1:   basic_altar, grunt_megastairs_5
Lair:2:   minmay_shoals_entry_hut, gammafunk_ghost_cemetery, minmay_holes
Lair:3:   gammafunk_mikee_crab_dinner
Lair:4:   lemuel_reptile_caves, minmay_snake_entry_six_corridors
Lair:5:   slime_altar_1, portal_ice_cave_rime, lemuel_fruit_tree
Lair:6:   grunt_lair_end_beastmaster, minmay_hedge_maze
Orc:2:    grunt_orc_gardens, grunt_orc_garden, grunt_orc_garden,
          grunt_orc_garden, grunt_orc_garden, basic_altar, serial_shops, shop,
          bh_open_orc_temple
Lab:      nicolae_lab_hexagon, nicolae_lab_lava
Sewer:    kennysheep_door_sewer
Ossuary:  ossuary_minmay_tomb_2a
IceCv:    ice_cave_caverns_02

Table legend:
 A = Turns spent in this place as a percentage of turns spent in the entire game.
 B = Non-inter-level travel turns spent in this place as a percentage of non-inter-level travel turns spent in the entire game.
 C = Inter-level travel turns spent in this place as a percentage of turns spent in this place.
 D = Turns resting spent in this place as a percentage of non-inter-level travel turns spent in this place.
 E = Turns spent auto-exploring this place as a percentage of non-inter-level travel turns spent in this place.
 F = Non-inter-level travel turns spent in this place divided by the number of levels of this place that you've seen.
                   A       B       C       D       E      F
               +-------+-------+-------+-------+-------+----------------------
         Total | 100.0 | 100.0 |   1.0 |   0.0 |   0.0 | 538.8
       Dungeon |  51.8 |  51.7 |   1.3 |   0.0 |   0.0 | 607.8
        Temple |   0.3 |   0.3 |   0.0 |   0.0 |   0.0 |  36.0
          Lair |  30.8 |  30.8 |   1.1 |   0.0 |   0.0 | 663.5
  Orcish Mines |   6.5 |   6.6 |   0.0 |   0.0 |   0.0 | 426.0
     Labyrinth |   3.1 |   3.1 |   0.0 |   0.0 |   0.0 | 402.0
         Sewer |   1.3 |   1.3 |   0.0 |   0.0 |   0.0 | 167.0
       Ossuary |   1.6 |   1.6 |   0.0 |   0.0 |   0.0 | 209.0
      Ice Cave |   4.6 |   4.6 |   0.0 |   0.0 |   0.0 | 598.0
               +-------+-------+-------+-------+-------+----------------------

Table legend:
 A = Kills in this place as a percentage of kills in entire the game.
 B = Kills by you in this place as a percentage of kills by you in the entire game.
 C = Kills by friends in this place as a percentage of kills by friends in the entire game.
 D = Other kills in this place as a percentage of other kills in the entire game.
 E = Experience gained in this place as a percentage of experience gained in the entire game.
 F = Experience gained in this place divided by the number of levels of this place that you have seen.
                   A       B       C       D       E      F
               +-------+-------+-------+-------+-------+----------------------
         Total | 100.0 | 100.0 | 100.0 | 100.0 | 100.0 | 4331.1
       Dungeon |  52.9 |  53.1 |  44.4 |   0.0 |  19.7 | 1862.5
          Lair |  27.5 |  27.4 |  44.4 |   0.0 |  58.0 | 10040.0
  Orcish Mines |  10.1 |  10.3 |   0.0 |   0.0 |   9.6 | 5005.5
     Labyrinth |   0.1 |   0.1 |   0.0 |   0.0 |   1.2 | 1285.0
         Sewer |   0.8 |   0.9 |   0.0 |   0.0 |   0.2 | 232.0
       Ossuary |   2.2 |   2.3 |   0.0 |   0.0 |   0.2 | 176.0
      Ice Cave |   6.2 |   6.0 |  11.1 | 100.0 |  11.1 | 11514.0
               +-------+-------+-------+-------+-------+----------------------
